Description

This build order is really strong against most of standard playstyle. You open with a standard 2-Gates sentry/stalker expand then you add the robotic. After scouting your opponent, add your twilight council to reach a timing attack at 6,30min.

Notes :

  • Stay on a standard build order as long as possible to don't show your build order too soon. The opponent will have less time to react
  • Keep in mind that you will be scout. At the moment, PvP is reactive oriented with many scout
  • Don't take the gas on your natural Keep your sentries for Force fields
  • The 6,30min mark timing is really strong: If your opponent did an expand: You win.
  • Against distruptors don't forget to split your army
  • You can send 7 adepts in the main base of your opponent to force a split

VOD

https://youtu.be/hluzGSPreLw

Replay - PvP adept all-in

Build Order

Get SALT Encoding   

  12  0:02  Probe  
  13  0:14  Probe  
  13  0:18  Pylon  
  14  0:23  Probe  
  15  0:32  Probe  
  15  0:39  Gateway  
  15  0:42  Probe  
  16  0:47  Assimilator  
  17  0:54  Probe  
  18  0:57  Assimilator  
  18  1:06  Probe  
  19  1:15  Probe, Gateway  
  19  1:24  Probe  
  20  1:26  Cybernetics Core  
  21  1:33  Probe  
  21  1:39  Pylon  
  24  2:03  Stalker, Sentry  
  24  2:05  Warp Gate  
  28  2:15  Pylon  
  29  2:29  Stalker x2  
  33  2:56  Nexus  
  33  3:01  Shield Battery  
  33  3:06  Sentry x2  
  37  3:19  Robotics Facility  
  38  3:31  Pylon  
  39  3:44  Twilight Council, Shield Battery  
  38  4:01  Zealot x2  
  44  4:10  Resonating Glaives  
  44  4:14  Immortal  
  53  4:46  Gateway x2  
  55  4:54  Observer  
  56  5:00  Gateway  
  56  5:07  Gateway x2  
  56  5:17  Adept x2  
  56  5:19  Warp Prism  
  56  5:20  Pylon  
  62  5:43  Adept x3  
  68  5:52  Adept  
  70  6:17  Adept x4  
  74  6:55  Stalker  
Spawning Tool Build Advisor. Get it on Overwolf

Go to:

Details

  • Created by: zuka      
  • Published on: Sep 30, 2019
  • Patch: 4.7.1
Show
View Real Time Build Order
Export as new Build Order

Comments (0)

There are no comments. Be the first!

Create an account to comment!